 Dungeon Crawl Stone Soup version 0.19.5 (webtiles) character file.

233 tyranidshit the Skirmisher (level 5, -1/47 HPs)
             Began as a Demonspawn Abyssal Knight on Mar 13, 2017.
             Was a Believer of Lugonu.
             Killed by nerve-wracking pain
             ... invoked by an orc priest
              (4 damage)
             ... on level 5 of the Dungeon.
             The game lasted 00:08:27 (3301 turns).

tyranidshit the Skirmisher (DsAK)                   Turns: 3301, Time: 00:08:28

Health: -1/47      AC:  8    Str: 13    XL:     5   Next: 74%
Magic:  15/15      EV:  8    Int: 14    God:    Lugonu [**....]
Gold:   210        SH:  0    Dex: 12    Spells: 0 memorised, 4 levels left

rFire  . . .     SeeInvis .     o - +3 hand axe
rCold  . . .     Gourm    .     g - +0 scale mail
rNeg   . . .     Faith    .     s - +0 buckler
rPois  .         Spirit   .     (no helmet)
rElec  .         Reflect  .     d - +2 cloak
rCorr  .         Harm     .     (no gloves)
MR     .....                    t - +2 pair of boots
Stlth  ..........               (no amulet)
                                (no ring)
                                l - ring of magical power

@: confused, corroded
A: claws 1
a: Depart the Abyss, Bend Space, Renounce Religion


You were on level 5 of the Dungeon.
You worshipped Lugonu.
Lugonu was pleased with you.
You were not hungry.

You visited 1 branch of the dungeon, and saw 5 of its levels.
You visited the Abyss 1 time.

You collected 210 gold pieces.

Inventory:

Hand Weapons
 a - a +1 hand axe
 e - a +1 war axe
 o - a +3 hand axe (weapon)
 r - a +0 blowgun
Missiles
 q - 5 poisoned needles
Armour
 b - a +0 leather armour
 d - a +2 cloak (worn)
 g - a +0 scale mail (worn)
 m - a +0 leather armour
 s - a +0 buckler (worn)
 t - a +2 pair of boots (worn)
Jewellery
 l - a ring of magical power (left claw)
Scrolls
 f - 6 scrolls of remove curse
 n - a scroll of magic mapping
 p - 4 scrolls of identify
 w - 2 scrolls of enchant weapon
Potions
 h - 2 potions of resistance
 j - 2 potions of curing
 k - a potion of cure mutation
Comestibles
 c - 4 bread rations
 i - 2 meat rations
 u - a beef jerky
 v - 2 fruits


   Skills:
 + Level 6.5 Fighting
 - Level 1.7 Axes
 - Level 1.7 Armour
 - Level 0.8 Dodging
 - Level 2.4 Invocations


You had 4 spell levels left.
You didn't know any spells.

Dungeon Overview and Level Annotations

Branches:
Dungeon (5/15)
 Temple: D:4-7

Altars:
Xom


Innate Abilities, Weirdness & Mutations

You have sharp fingernails.


Message History

The orc closely misses you. The orc hits you with a short sword.
You block the jelly's attack.
Okay, then.
Okay, then.
You are confused.
You feel invigorated. Something hits you but does no damage.
The orc priest looks encouraged for a moment.
The orc hits you. The jelly hits you but does no damage.
You miss something. You hit the orc priest. You hit the orc but do no damage.
You hit the jelly.
Your claws burn!
Your shield and scale mail prevent you from hitting the orc wizard.
Something hits you but does no damage.
The orc priest mumbles some strange prayers to Beogh against you.
Beogh smites you!
* * * LOW HITPOINT WARNING * * *
The orc hits you but does no damage. The jelly barely misses you.
Something hits you but does no damage.
The orc priest calls down the wrath of Beogh upon you.
Pain shoots through your body!
You die...

#.......#
##........
##.........
.####..........
..............#
.....o......#
#.o{o.[...#
#.J@o# ## #...##
#.. #... #.^.#
#... ##..# #.^.#
....##...# #...#
.....#... #...#
#......#####...#
#............##
#...>........#


You could see a jelly, an orc priest, an orc wizard and 2 orcs.

Vanquished Creatures
  A howler monkey (D:4)
  A worker ant (D:4)
  7 adders
  An ooze (D:3)
  An adder skeleton (D:4)
  A worm (D:2)
  3 dart slugs
  4 leopard geckos
  3 orcs
  10 goblins
  10 hobgoblins
  7 jackals (D:2)
  3 quokkas
  11 bats
  5 frilled lizards
  8 kobolds
  A leopard gecko skeleton (D:3)
  2 quokka skeletons (D:4)
  12 rats
91 creatures vanquished.

Notes
Turn   | Place    | Note
-------+----------+-------------------------------------------
     0 | Abyss:1  | tyranidshit the Demonspawn Abyssal Knight began the quest for the Orb.
     0 | Abyss:1  | Reached XP level 1. HP: 18/18 MP: 2/2
    57 | Abyss:2  | Noticed a ynoxinul
    57 | D:1      | Escaped the Abyss
   302 | D:1      | Gained mutation: You have sharp fingernails. [demonic ancestry]
   302 | D:1      | Reached XP level 2. HP: 16/24 MP: 3/3
   404 | D:1      | Reached * piety under Lugonu
   790 | D:2      | Reached skill level 4 in Fighting
   849 | D:2      | Reached XP level 3. HP: 25/30 MP: 4/4
   969 | D:2      | HP: 1/31 [jackal (2)]
   996 | D:2      | HP: 1/31 [jackal (1)]
  1552 | D:2      | Reached XP level 4. HP: 31/38 MP: 5/5
  1768 | D:2      | Reached ** piety under Lugonu
  1806 | D:3      | Reached skill level 5 in Fighting
  2108 | D:3      | Found a shimmering altar of Xom.
  2110 | D:3      | Found a shimmering altar of Xom.
  2616 | D:4      | Reached XP level 5. HP: 20/46 MP: 6/6
  2729 | D:4      | Reached skill level 6 in Fighting
  3221 | D:5      | Entered Level 5 of the Dungeon
  3301 | D:5      | Killed from afar by an orc priest

Skill      XL: |  1  2  3  4  5 |
---------------+----------------+-----
Fighting       | 4 5 6 |  6.5
Axes           | |  1.7
Armour         | |  1.7
Dodging        | |  0.8
Invocations    | |  2.4

Action                   |  1- 3 |  4- 6 || total
-------------------------+-------+-------++-------
Melee: War axe           |   116 |    25 ||   141
       Hand axe          |       |   130 ||   130
Invok: Depart the Abyss  |     1 |       ||     1
  Use: Scroll            |     5 |     3 ||     8
       Potion            |     1 |     6 ||     7
  Eat: Bread ration      |     1 |     1 ||     2
Armor: Leather armour    |    25 |       ||    25
       Scale mail        |    41 |   113 ||   154
Dodge: Dodged            |    86 |    76 ||   162
Block: Buckler           |       |    17 ||    17
